 Dungeon Crawl Stone Soup version 0.28-a0-969-g2dcde036d2 (webtiles) character file.

Game seed: 17182101508903380259

34 MirrMurr the Sneak (level 3, -2/16 HPs)
             Began as a Spriggan Enchanter on Dec 1, 2021.
             Slain by an orc priest (7 damage)
             ... on level 2 of the Dungeon.
             The game lasted 00:04:27 (2951 turns).

MirrMurr the Sneak (Spriggan Enchanter)             Turns: 2951, Time: 00:04:28

Health: -2/16      AC:  2    Str:  6    XL:     3   Next: 14%
Magic:  2/8        EV: 17    Int: 16    God:
Gold:   29         SH:  0    Dex: 15    Spells: 2/7 levels left

rFire   . . .      SeeInvis +   a - +1 dagger
rCold   . . .      Faith    .   (shield restricted)
rNeg    . . .      Spirit   .   b - +0 robe
rPois   .          Reflect  .   (helmet restricted)
rElec   .          Harm     .   (no cloak)
rCorr   .          Rampage  .   (gloves unavailable)
Will    .....                   (boots unavailable)
Stlth   +++.......              (no amulet)
HPRegen 0.05/turn               (no ring)
MPRegen 0.11/turn               (no ring)

@: very slightly contaminated, very quick
A: very small, no large weapons, unfitting armour, see invisible, speed 3
a: no special abilities


You were on level 2 of the Dungeon.
You visited 1 branch of the dungeon, and saw 2 of its levels.

You collected 29 gold pieces.

Inventory:

Hand Weapons
 a - a +1 dagger (weapon)
Missiles
 e - 88 stones (quivered)
Armour
 b - a +0 robe (worn)
Jewellery
 i - a ring of fire
Scrolls
 d - 2 scrolls of identify {unknown}
 g - a scroll of brand weapon {unknown}
 h - a scroll of amnesia {unknown}
 j - a scroll of fear {unknown}
Potions
 c - a potion of invisibility
 f - a potion of magic {unknown}
 k - a potion of ambrosia {unknown}


   Skills:
 + Level 2.5 Short Blades
 - Level 2.6 Dodging
 + Level 5.6 Stealth
 - Level 2.6 Spellcasting
 - Level 3.6 Hexes


You had 2 spell levels left.
You knew the following spells:

 Your Spells              Type           Power      Damage    Failure   Level
a - Ensorcelled Hibernat  Hex/Ice        14%        N/A       14%         2
b - Confusing Touch       Hex            13%        N/A       13%         3

Your spell library contained the following spells:

 Spells                   Type           Power      Damage    Failure   Level
 Tukima's Dance           Hex            13%        N/A       13%         3
 Dazzling Flash           Conj/Hex       14%        N/A       28%         3


Dungeon Overview and Level Annotations

Branches:
Dungeon (2/15)

Altars:
Sif Muna

Annotations:
D:1 exclusion: downstairs


Innate Abilities, Weirdness & Mutations

You are very small and have problems with some larger weapons.
You are too small for most types of armour.
You have supernaturally acute eyesight. (SInv)
You cover ground extremely quickly. (Speed+++)


Message History

You miss the frilled lizard. You hit the frilled lizard.
You kill the frilled lizard!
No target in view!
Found a stone staircase leading down.
e - 89 stones (gained 24)
k - a grey potion A jackal skeleton comes into view.
You start waiting.
An orc priest is nearby!
You throw a stone.
The stone hits the orc priest but does no damage.
You start waiting.
An orc priest is nearby!
Casting: Ensorcelled Hibernation (safe; 14% risk of failure)
Confirm with . or Enter, or press ? or * to list all spells.
Aiming: Ensorcelled Hibernation (safe; 14% risk of failure)
Press: ? - help, Shift-Dir - straight line, f/p - orc priest
Aim: an orc priest, wielding a +0 short sword (chance to affect: 38%)
The orc priest resists with some effort.
The orc priest invokes the aid of Beogh against you.
Beogh smites you!
Ouch! That really hurt!
* * * LOW HITPOINT WARNING * * *
Casting: Ensorcelled Hibernation (safe; 14% risk of failure)
Confirm with . or Enter, or press ? or * to list all spells.
Aiming: Ensorcelled Hibernation (safe; 14% risk of failure)
Press: ? - help, Shift-Dir - straight line, f/p - orc priest
Aim: an orc priest, wielding a +0 short sword (chance to affect: 38%)
You miscast Ensorcelled Hibernation.
You are very lightly contaminated with residual magic.
Nothing appears to happen.
Casting: Ensorcelled Hibernation (safe; 14% risk of failure)
Confirm with . or Enter, or press ? or * to list all spells.
Aiming: Ensorcelled Hibernation (safe; 14% risk of failure)
Press: ? - help, Shift-Dir - straight line, f/p - orc priest
Aim: an orc priest, wielding a +0 short sword (chance to affect: 38%)
The orc priest resists with some effort.
The orc priest hits you with a +0 short sword!
You die...

......'.................>.#
......######..#####.......#
......## #.....##.......#
#####..######.##.##.......#
..............##.##########
..............##.#
..............##.#
..............##.#
..............##@#
###<.......... #o######
#.......... #......#
#.......... ######.#
#####..#### ######.########
#.# #.............. ..#
#.............. .# #
.'..............
#.###.##......o.......


You could see an orc priest.

Vanquished Creatures
  6 ball pythons (D:1)
  2 endoplasms
  A giant cockroach (D:1)
  2 goblins (D:1)
  3 hobgoblins (D:1)
  3 jackals (D:2)
  2 quokkas (D:1)
  2 bats
  2 frilled lizards
  5 kobolds (D:1)
  4 rats
32 creatures vanquished.

Notes
Turn   | Place    | Note
-------+----------+-------------------------------------------
     0 | D:1      | MirrMurr the Spriggan Enchanter began the quest for the
                  | Orb.
     0 | D:1      | Reached XP level 1. HP: 9/9 MP: 5/5
   126 | D:2      | Found a shimmering blue altar of Sif Muna.
   128 | D:2      | Noticed an orc priest
   339 | D:2      | Reached XP level 2. HP: 13/13 MP: 6/6
   342 | D:2      | Learned a level 2 spell: Ensorcelled Hibernation
   375 | D:1      | Reached skill level 5 in Stealth
  1735 | D:1      | Reached XP level 3. HP: 6/16 MP: 2/8
  1739 | D:1      | Learned a level 3 spell: Confusing Touch
  2951 | D:2      | Slain by an orc priest

Illustrated notes

Levels and vault maps discovered:
D:1:      lordsloth_arrival_two_stooges, layout_basic
D:2:      minmay_alternating_diamond, layout_basic, basic_altar

Skill      XL: |  1  2 |
---------------+-------+-----
Stealth        | 5 |  5.6
Short Blades   | 2 |  2.5
Dodging        | |  2.6
Spellcasting   | |  2.6
Hexes          | |  3.6

Action                   || total
-------------------------++-------
Melee: Dagger            ||    83
Throw: Stone             ||     1
 Cast: Ensorcelled Hiber ||    23
 Stab: Sleeping          ||    22
Armor: Robe              ||    11
Dodge: Dodged            ||    74

Table legend: (Time is in decaauts)
 A = Elapsed time spent in this place.
 B = Non-inter-level travel time spent in this place.
 C = Inter-level travel time spent in this place.
 D = Time resting spent in this place.
 E = Time spent auto-exploring this place.
 F = Levels seen in this place.
 G = Mean time per level.
                   A        B        C        D        E       F      G
               +--------+--------+--------+--------+--------+-----+--------+
         Total |   2331 |   2217 |    114 |    189 |   1619 |   2 | 1165.5 |
       Dungeon |   2331 |   2217 |    114 |    189 |   1619 |   2 | 1165.5 |
               +--------+--------+--------+--------+--------+-----+--------+

Top non-repeatable levels by time:
     D:1: 1922 daAuts
     D:2: 409 daAuts
